 Dungeon Crawl Stone Soup version 0.26-a0-651-gb41185065b (webtiles) character file.

Game seed: 464038274984469510

(classic levelgen) 69666 EnegeticOcto the Champion of Chaos (level 14, 0/133 HPs)
             Began as a Deep Dwarf Fighter on Oct 7, 2020.
             Was the Champion of Makhleb.
             Slain by a 14-headed hydra (3 damage)
             ... on level 2 of the Swamp.
             The game lasted 00:09:36 (10833 turns).

EnegeticOcto the Champion of Chaos (DDFi)          Turns: 10833, Time: 00:09:37

Health: 0/133      AC: 32    Str: 26    XL:     14   Next: 91%
Magic:  16/16      EV:  9    Int:  9    God:    Makhleb [******]
Gold:   318        SH:  5    Dex: 12    Spells: 13/13 levels left

rFire    + . .     SeeInvis .   i - +5 battleaxe of the Pillar {vorpal, rC+}
rCold    + . .     Faith    .   (shield currently unavailable)
rNeg     + . .     Spirit   .   M - +3 plate armour of Amurch {rElec rPois rF+ Str-5}
rPois    +         Reflect  +   j - +2 helmet
rElec    +         Harm     .   G - +2 cloak {MR+}
rCorr    .         Rampage  .   c - +2 pair of gloves
MR       ++++.                  z - +2 pair of boots
Stlth    ..........             b - amulet of reflection
HPRegen  0.00/turn              t - +6 ring of strength
MPRegen  0.15/turn              A - ring of protection from magic

@: grasped by roots, non-regenerating, constricted
A: damage resistance, heal wounds, negative energy resistance 1, sense
surroundings 2, no regeneration
a: Heal Wounds, Minor Destruction, Lesser Servant of Makhleb, Major Destruction,
Greater Servant of Makhleb, Renounce Religion


You were on level 2 of the Swamp.
You worshipped Makhleb.
Makhleb was exalted by your worship.
You visited 5 branches of the dungeon, and saw 23 of its levels.

You collected 1372 gold pieces.
You spent 1054 gold pieces at shops.

Inventory:

Hand Weapons
 i - the +5 battleaxe of the Pillar (weapon) {vorpal, rC+}
   (You found it on level 4 of the Dungeon)

   It inflicts extra damage upon your enemies.
   It protects you from cold.
Missiles
 D - a throwing net (quivered)
Armour
 c - a +2 pair of gloves (worn)
 j - a +2 helmet (worn)
 u - the +1 chain mail "Ziunn" {rF++ rC+ MR+ Int+2}
   (You found it on level 8 of the Dungeon)

   It affects your intelligence (+2).
   It greatly protects you from fire.
   It protects you from cold.
   It affects your resistance to hostile enchantments.
 z - a +2 pair of boots (worn)
 G - a +2 cloak of magic resistance (worn)
 M - the +3 plate armour of Amurch (worn) {rElec rPois rF+ Str-5}
   (You bought it in a shop on level 4 of the Dungeon)

   It affects your strength (-5).
   It protects you from fire.
   It insulates you from electricity.
   It protects you from poison.
Jewellery
 b - an amulet of reflection (around neck)
 t - a +6 ring of strength (left hand)
 A - a ring of protection from magic (right hand)
Wands
 g - a wand of iceblast (19) {@v2}
 o - a wand of disintegration (11)
 r - a wand of paralysis (26)
 w - a wand of digging (17) {@v3}
 C - a wand of acid (6) {@v1}
 E - a wand of polymorph (2)
 L - a wand of enslavement (14)
Scrolls
 a - 4 scrolls of enchant weapon
 h - 6 scrolls of teleportation {@r3}
 k - 2 scrolls of blinking
 l - a scroll of immolation {@r4}
 m - 4 scrolls of identify {@r1}
 p - 3 scrolls of magic mapping {@r5}
 y - 4 scrolls of remove curse {@r2}
Potions
 d - 2 potions of might {@q3}
 e - 3 potions of resistance {@q6}
 f - 2 potions of heal wounds {@q2}
 n - 10 potions of curing {@q1}
 q - a potion of flight
 s - 2 potions of haste {@q4}
 v - 3 potions of invisibility
 B - a potion of berserk rage
 F - a potion of cancellation
 H - 2 potions of stabbing {@q5}
 I - 2 potions of lignification {@q7}
Miscellaneous
 K - a box of beasts (3/3)


   Skills:
 * Level 10.8 Fighting
 * Level 15.3 Axes
 + Level 11.7 Armour
 + Level 10.9 Dodging
   Level 4.4 Shields
 * Level 15.5 Invocations
 + Level 4.5 Evocations


You had 13 spell levels left.
You didn't know any spells.
Your spell library was empty.

Dungeon Overview and Level Annotations

Branches:
Dungeon (15/15)            Temple (1/1) D:6            Lair (3/6) D:10
  Swamp (2/4) Lair:2       Spider (0/4) Lair:3          Orc (2/2) D:12
 Depths (0/5) D:15
    Elf: Orc:2       Vaults: D:13-14

Altars:
Ashenzari
Cheibriados
Dithmenos
Elyvilon
Fedhas
Gozag
Hepliaklqana
Kikubaaqudgha
Makhleb
Nemelex Xobeh
Okawaru
Qazlal
Ru
Sif Muna
Trog
Uskayaw
Vehumet
Wu Jian
Xom
Yredelemnul
Zin
The Shining One
Beogh

Shops:
D:4 *   D:13 [   D:14 (   Orc:2 :}([

Annotations:
D:5 3 runed translucent doors, ma3's ghost, novice SpAE
Lair:3 exclusion: oklob plant


Innate Abilities, Weirdness & Mutations

You are resistant to damage.
You can heal yourself by infusing magical energy.
You resist negative energy. (rN+)
You passively map the area around you.
You do not regenerate.


Message History

Your hellwing hits the shambling mangrove but does no damage.
The alligator bites you.
The alligator tail-slaps you but does no damage.
You feel much better. The swamp worm bites you.
The tyrant leech bites your hellwing but does no damage.
The alligator bites you!
The alligator tail-slaps you but does no damage.
The shambling mangrove hits your hellwing!!
Your hellwing dies!
The grasping roots constrict you!
The alligator bites you but does no damage.
You block the alligator's attack.
The 14-headed hydra bites you but does no damage. x2
The 14-headed hydra bites you!
The 14-headed hydra bites you but does no damage. x2
The 14-headed hydra barely misses you. x2
The 14-headed hydra bites you but does no damage.
The 14-headed hydra bites you!
* * * LOW HITPOINT WARNING * * *
The 14-headed hydra barely misses you.
The 14-headed hydra bites you but does no damage. x2
The 14-headed hydra barely misses you. The 14-headed hydra bites you.
* * * LOW HITPOINT WARNING * * *
The alligator barely misses you. The alligator tail-slaps you.
* * * LOW HITPOINT WARNING * * *
You block the swamp worm's attack.
You feel much better. The alligator closely misses you.
The alligator tail-slaps you. The alligator bites you!
You block the alligator's attack.
The spriggan druid calls out to the beasts of the wild!
The alligator bites you but does no damage.
The alligator tail-slaps you.
The 14-headed hydra bites you but does no damage. x2
The 14-headed hydra barely misses you.
The 14-headed hydra bites you but does no damage.
The 14-headed hydra barely misses you.
The 14-headed hydra bites you but does no damage.
You block the 14-headed hydra's attack. The 14-headed hydra closely misses you.
The 14-headed hydra bites you but does no damage.
The 14-headed hydra bites you! The 14-headed hydra barely misses you.
You block the 14-headed hydra's attack. The 14-headed hydra barely misses you.
The 14-headed hydra bites you but does no damage.
The swamp worm barely misses you. The grasping roots constrict you.
The alligator closely misses you. You block the alligator's attack.
The grasping roots release their grip on you.
You are too injured to fight recklessly!
You are too injured to fight recklessly!
You are too injured to fight recklessly!
You are too injured to fight recklessly!
You are too injured to fight recklessly!
You are too injured to fight recklessly!
You feel much better. The alligator bites you!
The alligator tail-slaps you but does no damage.
The alligator barely misses you. You block the alligator's attack.
The swamp worm barely misses you. The 14-headed hydra bites you.
You block the 14-headed hydra's attack.
The 14-headed hydra bites you but does no damage. x4
The 14-headed hydra bites you.
The 14-headed hydra bites you but does no damage.
The 14-headed hydra barely misses you.
The 14-headed hydra bites you but does no damage.
The 14-headed hydra bites you!
The 14-headed hydra bites you but does no damage. x3
The tyrant leech bites you!!
* * * LOW HITPOINT WARNING * * *
The tyrant leech draws strength from your injuries!
The alligator barely misses you. x2
The alligator bites you but does no damage.
The alligator tail-slaps you but does no damage.
Roots burst forth from the earth!
The grasping roots grab you! The grasping roots constrict you.
Evoke which item? (* to show all) (? for menu, Esc to quit)
Aiming: Corrosive Bolt
Press: ? - help, Shift-Dir - straight line, f - 14-headed hydra
Aim: a 14-headed hydra (heavily wounded)
The bolt of acid hits the 14-headed hydra!
The 14-headed hydra is splashed with acid.
The acid corrodes the 14-headed hydra!
The 14-headed hydra is severely wounded.
The bolt of acid hits the spriggan druid!!
The spriggan druid is splashed with acid.
The acid corrodes the spriggan druid!
The spriggan druid is heavily wounded.
The alligator bites you!!
* * * LOW HITPOINT WARNING * * *
You block the alligator's attack. The swamp worm closely misses you.
The 14-headed hydra bites you but does no damage.
The 14-headed hydra closely misses you. x2; The 14-headed hydra bites you.
* * * LOW HITPOINT WARNING * * *
The 14-headed hydra bites you but does no damage.
The 14-headed hydra barely misses you.
The 14-headed hydra bites you but does no damage.
The 14-headed hydra bites you.
The 14-headed hydra bites you but does no damage.
The 14-headed hydra closely misses you. The 14-headed hydra bites you.
The 14-headed hydra bites you!
* * * LOW HITPOINT WARNING * * *
The 14-headed hydra bites you!
You die...

.≈..#####.....≈≈≈≈≈.≈.♣♣.♣
,
*≈...#....#..≈≈≈♣≈≈.....≈≈.
≈ * ,
##.....##...≈≈...≈≈≈≈≈≈. *
,#...#...#..≈≈♣≈...≈≈.♣≈.
*,,
#....#.....≈≈≈≈.♣.<..≈≈. *
, #.(.#...#..≈≈≈≈≈♣.♣≈....
, ,
##...÷○##..≈.≈.≈..♣.≈≈♣. ,≈
##...##t..≈.≈≈≈. ♣.♣≈≈≈ *,
###iD@w≈.≈≈.≈ , ♣..≈≈. * ≈
.≈.....ttw≈≈≈≈≈≈ ** *, *,≈
........f...≈≈.. , ,
.♣...§≈≈≈.≈≈≈§♣≈ ** ≈ ≈ ,,
.≈≈..≈≈.≈≈≈≈≈.≈≈,* ** ≈≈ *
♣♣...≈≈.≈♣§♣♣≈≈≈ , ** *
♣♣♣..)..≈.≈ ♣♣.** , , *
♣♣.♣♣≈..≈♣ ≈ * * * ,


You could see a shambling mangrove, 3 alligators, a 14-headed hydra (corroded),
a tyrant leech, a spriggan druid (corroded) and a swamp worm.

Vanquished Creatures
  Frances (D:12)
  Gastronok (D:9)
  The ghost of PanSaczeczos the Ruffian, a journeyman NaTm of Cheibriados (D:10)
  5 hydras
  5 ogre magi
  5 centaur warriors
  14 two-headed ogres
  A tengu warrior (D:14)
  Urug (D:11)
  5 skeletal warriors (D:13)
  An unseen horror (D:11)
  A wizard (D:14)
  Pikel (D:6)
  2 orc knights (D:12)
  A necromancer (D:15)
  A wolf spider zombie (D:15)
  5 ugly things (D:14)
  3 deep elf magi
  2 cyclopes (D:11)
  An orc sorcerer (Orc:2)
  17 slime creatures
  A manticore (D:15)
  A black mamba (Lair:2)
  Psyche (D:8)
  Maurice (D:10)
  2 gargoyles
  Maggie (D:6)
  2 naga magi (D:15)
  7 komodo dragons
  4 cane toads
  An efreet (D:13)
  2 kobold demonologists (D:11)
  A tengu conjurer (D:14)
  A wolf spider simulacrum (D:15)
  A hornet (D:10)
  A jumping spider (Lair:3)
  A tyrant leech (Swamp:1)
  3 trolls
  2 polar bears (D:12)
  A harpy skeleton (D:15)
  7 hippogriffs
  A bog body (Swamp:2)
  4 blink frogs (Lair:3)
  A shadow (D:14)
  Sigmund (D:3)
  A redback (Lair:3)
  4 spriggans (D:10)
  A wyvern (D:11)
  20 yaks
  2 vampires
  2 basilisks (D:13)
  A wraith (D:13)
  Eustachio (D:6)
  4 vampire mosquitoes (D:12)
  Menkaure (D:7)
  A swamp worm (Swamp:2)
  3 swamp drakes
  6 porcupines
  4 water moccasins
  6 ice beasts
  11 orc warriors
  4 sky beasts
  3 black bears
  25 ogres
  4 phantoms
  3 necrophages
  16 centaurs
  5 wolves
  2 lemures (D:6)
  3 crocodiles (Lair:2)
  6 big kobolds
  12 bullfrogs
  9 scorpions
  8 killer bees
  5 howler monkeys
  7 wights
  An electric eel (Lair:3)
  3 centaur zombies
  6 hounds
  A jelly (D:9)
  5 centaur skeletons
  6 orc priests
  2 bullfrog skeletons
  6 orc wizards
  9 iguanas
  Natasha (thrice) (D:4)
  11 worker ants
  2 hound skeletons
  A howler monkey zombie (D:10)
  A worker ant zombie (D:5)
  Robin (D:4)
  7 gnolls
  11 adders
  2 shadow imps
  A white imp (D:7)
  4 ufetubi
  An ooze (D:1)
  An adder zombie (D:5)
  2 adder skeletons
  A leopard gecko (D:1)
  41 orcs
  9 goblins
  3 hobgoblins
  8 jackals
  27 kobolds
  5 quokkas
  A ball python skeleton (D:5)
  A frilled lizard (D:3)
  A jackal skeleton (D:8)
  A leopard gecko skeleton (D:6)
  A spectral orc (D:7)
488 creatures vanquished.

Vanquished Creatures (collateral kills)
  2 hydras
  A two-headed ogre (Orc:2)
  A cane toad (Swamp:2)
  A komodo dragon (Lair:3)
  A jumping spider (Lair:3)
  2 slime creatures (D:15)
  A redback (Lair:3)
  2 ogres (Orc:2)
11 creatures vanquished.

Vanquished Creatures (others)
  20 fungi
  14 plants
34 creatures vanquished.

Grand Total: 533 creatures vanquished

Notes
Turn   | Place    | Note
-------+----------+-------------------------------------------
     0 | D:1      | EnegeticOcto the Deep Dwarf Fighter began the quest for the
                  | Orb.
     0 | D:1      | Reached XP level 1. HP: 20/20 MP: 1/1
   126 | D:1      | Reached XP level 2. HP: 24/27 MP: 2/2
   216 | D:3      | Noticed Sigmund
   249 | D:3      | Killed Sigmund
   249 | D:3      | Reached XP level 3. HP: 23/34 MP: 2/2
   249 | D:3      | Reached XP level 4. HP: 28/42 MP: 3/3
   249 | D:3      | Reached XP level 5. HP: 33/49 MP: 4/4
   421 | D:4      | Noticed Natasha
   426 | D:4      | Killed Natasha
   426 | D:4      | Reached XP level 6. HP: 27/56 MP: 5/5
   452 | D:4      | Noticed Natasha
   453 | D:4      | Noticed Robin
   462 | D:4      | Killed Natasha
   468 | D:4      | Killed Robin
   486 | D:4      | Got an iridescent battleaxe
   486 | D:4      | Identified the +5 battleaxe of the Pillar {vorpal, rC+}
                  | (You found it on level 4 of the Dungeon)
   496 | D:4      | Noticed Natasha
   503 | D:4      | Killed Natasha
   503 | D:4      | Reached skill level 5 in Axes
   650 | D:4      | Reached skill level 1 in Dodging
   716 | D:4      | Found Ecusaofo's Assorted Antiques.
   725 | D:4      | Bought a scroll labeled HUFEC GUIKHLECVU for 29 gold pieces
   725 | D:4      | Bought a scroll labeled DIDIARETO for 29 gold pieces
   769 | D:4      | Reached XP level 7. HP: 45/64 MP: 6/6
   961 | D:5      | Entered Level 5 of the Dungeon
  1009 | D:5      | Reached skill level 5 in Armour
  1108 | D:5      | Found a runed translucent gate.
  1108 | D:5      | Found a runed translucent gate.
  1108 | D:5      | Found a runed translucent gate.
  1483 | D:5      | Noticed ma3's ghost (novice SpAE)
  1702 | D:6      | Reached XP level 8. HP: 60/73 MP: 7/7
  1816 | D:6      | Noticed Pikel
  1824 | D:6      | Killed Pikel
  1824 | D:6      | Reached skill level 5 in Fighting
  1880 | D:6      | Found a staircase to the Ecumenical Temple.
  1910 | Temple   | Entered the Ecumenical Temple
  2088 | Temple   | Became a worshipper of Makhleb the Destroyer
  2142 | D:6      | Noticed Maggie
  2153 | D:6      | Killed Maggie
  2153 | D:6      | Reached skill level 1 in Invocations
  2153 | D:6      | Gained mutation: You passively map the area around you.
                  | [Deep Dwarf growth]
  2153 | D:6      | Reached XP level 9. HP: 60/81 MP: 7/9
  2221 | D:6      | Noticed Eustachio
  2226 | D:6      | Killed Eustachio
  2464 | D:7      | Reached skill level 5 in Dodging
  2702 | D:7      | Noticed Menkaure
  2707 | D:7      | Killed Menkaure
  2896 | D:7      | Found a radiant altar of Vehumet.
  2902 | D:7      | Reached * piety under Makhleb
  2986 | D:7      | Found a basalt altar of Yredelemnul.
  3079 | D:8      | Noticed Psyche
  3088 | D:8      | Killed Psyche
  3088 | D:8      | Reached skill level 5 in Invocations
  3221 | D:4      | Bought a scroll labeled HUMEOMN YGINN for 29 gold pieces
  3221 | D:4      | Bought a scroll labeled HUMEOMN YGINN for 29 gold pieces
  3420 | D:8      | Noticed a two-headed ogre
  3432 | D:8      | Killed a two-headed ogre
  3432 | D:8      | Reached XP level 10. HP: 83/92 MP: 10/10
  3442 | D:8      | Reached skill level 10 in Axes
  3668 | D:8      | Found a transporter.
  3676 | D:8      | Found a transporter.
  3704 | D:8      | Got a slimy chain mail
  3714 | D:8      | Identified the +1 chain mail "Ziunn" {rF++ rC+ MR+ Int+2}
                  | (You found it on level 8 of the Dungeon)
  3960 | D:8      | Reached ** piety under Makhleb
  4272 | D:9      | Noticed Gastronok
  4285 | D:9      | Killed Gastronok
  4285 | D:9      | Reached XP level 11. HP: 52/100 MP: 10/12
  4894 | D:10     | Entered Level 10 of the Dungeon
  4894 | D:10     | Found a runed translucent door.
  4895 | D:10     | Noticed PanSaczeczos's ghost (journeyman NaTm)
  4897 | D:10     | Identified the cursed +1 spear of the Muttering Traitor
                  | {freeze, rElec Int+4}
  4900 | D:10     | Noticed a spriggan rider
  4942 | D:10     | Reached *** piety under Makhleb
  5096 | D:10     | Noticed Maurice
  5111 | D:10     | Killed Maurice
  5280 | D:10     | Found a burning altar of Makhleb.
  5359 | D:10     | Found a staircase to the Lair.
  5709 | D:10     | Reached skill level 10 in Invocations
  5711 | D:10     | Killed PanSaczeczos's ghost
  5804 | D:11     | Reached **** piety under Makhleb
  5919 | D:11     | Noticed Urug
  5938 | D:11     | Killed Urug
  6118 | D:11     | Noticed a sun demon
  6119 | D:11     | Reached XP level 12. HP: 110/110 MP: 15/15
  6795 | D:12     | You fall into a shaft and drop 2 floors!
  6795 | D:14     | Found Ruyckoss's Antique Weapon Emporium.
  6817 | D:13     | Noticed a centaur warrior
  6827 | D:13     | Killed a centaur warrior
  6936 | D:12     | Noticed Frances
  6954 | D:12     | Killed Frances
  6954 | D:12     | Reached skill level 10 in Armour
  7111 | D:12     | Reached ***** piety under Makhleb
  7132 | D:12     | Found a bloodstained altar of Trog.
  7177 | D:12     | Found a roughly hewn altar of Beogh.
  7177 | D:12     | Found a staircase to the Orcish Mines.
  7382 | D:12     | Noticed a four-headed hydra
  7392 | D:12     | Killed a ten-headed hydra
  7410 | Orc:1    | Entered Level 1 of the Orcish Mines
  7486 | Orc:2    | Entered Level 2 of the Orcish Mines
  7538 | Orc:2    | Reached XP level 13. HP: 86/118 MP: 17/17
  7575 | Orc:2    | Found Zoqeywaf's Antique Armour Emporium.
  7575 | Orc:2    | Found Ycethryol's Gadget Boutique.
  7576 | Orc:2    | Found Moisolego's Weapon Boutique.
  7576 | Orc:2    | Found Gunail's Book Shoppe.
  7914 | D:4      | Bought a smoking plate armour for 812 gold pieces
  7924 | D:4      | Identified the +3 plate armour of Amurch {rElec rPois rF+
                  | Str-5} (You bought it in a shop on level 4 of the Dungeon)
  8098 | Lair:1   | Entered Level 1 of the Lair of Beasts
  8239 | Lair:2   | Reached skill level 10 in Dodging
  8288 | Lair:2   | Found a staircase to the Swamp.
  9090 | Lair:3   | Found a hole to the Spider Nest.
  9094 | Lair:3   | Gained mutation: You resist negative energy. (rN+) [Deep
                  | Dwarf growth]
  9094 | Lair:3   | Reached XP level 14. HP: 75/130 MP: 17/17
  9515 | D:13     | Reached skill level 1 in Evocations
  9785 | D:13     | Reached skill level 10 in Fighting
  9795 | D:13     | Found Opinesma's Antique Armour Shoppe.
  9803 | D:13     | Bought a pair of gloves for 126 gold pieces
 10028 | D:14     | Reached ****** piety under Makhleb
 10104 | D:14     | Got a bound brass ring
 10169 | D:14     | Reached skill level 15 in Invocations
 10217 | D:14     | Reached skill level 15 in Axes
 10251 | D:15     | Entered Level 15 of the Dungeon
 10415 | D:15     | Found a staircase to the Depths.
 10638 | Swamp:1  | Entered Level 1 of the Swamp
 10639 | Swamp:1  | Identified the ring "Gydib" {Ice Str+3} (You found it on
                  | level 14 of the Dungeon)
 10833 | Swamp:2  | HP: 3/133 [14-headed hydra (6)]
 10833 | Swamp:2  | Slain by a 14-headed hydra

Illustrated notes

Levels and vault maps discovered:
D:1:      giann_forest_graveyard, layout_loops_corners
D:2:      layout_basic, corexii_shack, kennysheep_generic_room_9, uniq_jessica
D:3:      layout_basic, gammafunk_ghost_split, uniq_sigmund, uniq_ijyb
D:4:      layout_loops_ring, serial_shops, nicolae_shop_statue_plus,
          st_stairs_6, uniq_natasha, uniq_robin
D:5:      layout_basic, gammafunk_ghost_icy, hangedman_decor_opposing
D:6:      layout_basic, minmay_temple_entry_antechambers, feat_on_display,
          uniq_eustachio, uniq_maggie, uniq_pikel
D:7:      layout_basic, yredelemnul_forgotten_temple_becter,
          vehumet_altar_wand_db, uniq_menkaure
D:8:      gammafunk_jiyva_shrine, layout_basic, minmay_misc_feat_encased,
          minmay_checkerbox, uniq_psyche
D:9:      layout_irregular_city, uniq_gastronok
D:10:     layout_stronghold, grunt_lair_entry_orc_guard_hut,
          ebering_ghost_funeral_grove, bloody_makhleb, uniq_maurice
D:11:     layout_layer_cave, uniq_urug
D:12:     layout_roguey, david_orc_5, trog_ov_bears_minmay, uniq_frances
D:13:     layout_irregular_city, skrybe_vaults_entry_preservation, serial_shops,
          shop_fountains
D:14:     layout_gridville, serial_shops, shop, chequers_serial_rivers_small_b,
          uniq_rupert
D:15:     grunt_enter_depths_magical_seal, layout_loops_cross,
          chequers_serial_rivers_small_b, uniq_louise
Temple:   kilobyte_greek_temple
Lair:1:   layout_cellular_growth, grunt_megastairs_3
Lair:2:   layout_roguey, minmay_swamp_entry_reptiles
Lair:3:   layout_cave_shapes, spider_nest_entry_funnel_web,
          nicolae_quartered_pool_super, beast_lair_carwin_2,
          minmay_lair_oklob_chamber
Swamp:1:  layout_basic_swamp, portal_ice_cave_entry_pillars_four,
          evilmike_swamp_ruin_house_2
Swamp:2:  layout_falls_marsh, evilmike_swamp_ruin_house_3,
          infiniplex_staircase_pool, uniq_donald
Orc:1:    layout_caves
Orc:2:    st_orc_ogre_mass, layout_caves

Skill      XL: |  1  2  3  4  5  6  7  8  9 10 11 12 13 14 |
---------------+-------------------------------------------+-----
Fighting       | 3 4 5 6 7 8 9 10 | 10.8
Axes           | 4 5 6 8 9 11 12 13 14 15 | 15.3
Armour         | 4 5 6 7 8 9 10 11 | 11.7
Shields        | 4 |  4.4
Dodging        | 1 3 4 5 7 8 9 10 | 10.9
Invocations    | 1 6 8 10 12 14 15 | 15.5
Evocations     | 4 |  4.5

Action                   |  1- 3 |  4- 6 |  7- 9 | 10-12 | 13-15 || total
-------------------------+-------+-------+-------+-------+-------++-------
Melee: War axe           |    45 |    62 |       |       |       ||   107
       Battleaxe         |       |    14 |   189 |   576 |   504 ||  1283
Invok: Lesser Servant of |       |       |       |     3 |     8 ||    11
 Abil: Heal Wounds       |     4 |     3 |     6 |    11 |    17 ||    41
Evoke: Wand              |       |       |       |       |     1 ||     1
  Use: Scroll            |       |     2 |    11 |     9 |     5 ||    27
       Potion            |       |       |       |     1 |       ||     1
 Stab: Distracted        |       |       |       |       |     5 ||     5
       Confused          |       |       |       |       |     1 ||     1
Armor: Scale mail        |    15 |    36 |    74 |       |       ||   125
       Chain mail        |       |       |     8 |    47 |       ||    55
       Plate armour      |       |       |       |   427 |   764 ||  1191
Dodge: Dodged            |     8 |    35 |   118 |   389 |   524 ||  1074
Block: Kite shield       |    18 |    32 |       |       |       ||    50
       Other             |       |       |       |    36 |   204 ||   240
       Reflection        |       |       |       |     6 |     5 ||    11

Table legend: (Time is in decaauts)
 A = Elapsed time spent in this place.
 B = Non-inter-level travel time spent in this place.
 C = Inter-level travel time spent in this place.
 D = Time resting spent in this place.
 E = Time spent auto-exploring this place.
 F = Levels seen in this place.
 G = Mean time per level.
                   A        B        C        D        E       F      G
               +--------+--------+--------+--------+--------+-----+--------+
         Total |  11014 |   9275 |   1739 |      0 |   6548 |  23 |  478.9 |
       Dungeon |   8983 |   7539 |   1444 |      0 |   5295 |  15 |  598.9 |
        Temple |    218 |    149 |     69 |      0 |    143 |   1 |  218.0 |
          Lair |   1317 |   1139 |    178 |      0 |    883 |   3 |  439.0 |
         Swamp |    201 |    195 |      6 |      0 |     99 |   2 |  100.5 |
  Orcish Mines |    293 |    252 |     41 |      0 |    127 |   2 |  146.5 |
               +--------+--------+--------+--------+--------+-----+--------+

Top non-repeatable levels by time:
    D:10: 1064 daAuts
    D:11: 979 daAuts
     D:8: 929 daAuts
     D:5: 918 daAuts
     D:4: 798 daAuts
    D:12: 760 daAuts
     D:7: 713 daAuts
     D:9: 710 daAuts
     D:6: 696 daAuts
  Lair:3: 611 daAuts
  Lair:2: 579 daAuts
    D:13: 483 daAuts
    D:14: 444 daAuts
  Temple: 218 daAuts
   Orc:2: 213 daAuts
